 Dungeon Crawl Stone Soup version 0.27-a0-1217-g8a41f320e8 (webtiles) character file.

Game seed: 4288895425034075482

756 gruber the Magician (level 8, -11/58 HPs)
             Began as a Djinni Fire Elementalist on June 5, 2021.
             Mangled by Edmund
             ... wielding a +4 dire flail of protection
              (18 damage)
             ... on level 5 of the Dungeon.
             The game lasted 00:05:30 (5808 turns).

gruber the Magician (Djinni Fire Elementalist)      Turns: 5808, Time: 00:05:31

Health: -11/58     AC:  4    Str:  7    XL:     8   Next: 7%
Gold:   159        EV: 12    Int: 19    God:
                   SH:  0    Dex: 14

rFire    + + .     SeeInvis +   e - +2 mace (vorpal)
rCold    . . .     Faith    .   (no shield)
rNeg     . . .     Spirit   .   a - +0 robe
rPois    ∞         Reflect  .   f - +0 helmet {SInv}
rElec    .         Harm     .   i - +0 cloak
rCorr    .         Rampage  .   (no gloves)
Will     .....                  (boots unavailable)
Stlth    ++........             n - amulet of the acrobat
HPRegen  0.19/turn              g - ring of protection from cold
MPRegen  0.00/turn              (no ring)

@: flying
A: sickness immunity, fire resistance 2, cold vulnerability 1, float, innate
caster, hp casting, extra vitality 1
a: no special abilities


You were on level 5 of the Dungeon.
You visited 1 branch of the dungeon, and saw 5 of its levels.

You collected 159 gold pieces.

Inventory:

Hand Weapons
 e - a +2 vorpal mace (weapon)
Armour
 a - a +0 robe (worn)
 f - a +0 helmet of see invisible (worn)
 i - a +0 cloak (worn)
Jewellery
 g - a ring of protection from cold (left hand)
 n - an amulet of the acrobat (around neck)
Scrolls
 b - a scroll of immolation {unknown}
 h - a scroll of enchant armour {unknown}
 j - a scroll of summoning {unknown}
 k - a scroll of vulnerability {unknown}
 l - a scroll of teleportation {unknown}
 q - a scroll of magic mapping {unknown}
Potions
 c - 2 potions of mutation {unknown}
 d - 3 potions of haste {unknown}
 m - a potion of curing {unknown}
 o - a potion of brilliance {unknown}
 p - a potion of berserk rage {unknown}


   Skills:
 * Level 3.8 Fighting
 - Level 2.1 Dodging
 - Level 1.5 Stealth
 - Level 6.1 Spellcasting


You couldn't memorise any spells.
You knew the following spells:

 Your Spells              Type           Power      Damage    Failure   Level
a - Foxfire               Conj/Fire      100%       2x1d9     1%          1
b - Conjure Flame         Conj/Fire      29%        6-21      2%          3
c - Inner Flame           Hex/Fire       29%        N/A       2%          3
d - Sticky Flame          Conj/Fire      29%        2d5       9%          4
e - Fireball              Conj/Fire      14%        3d8       24%         5
f - Pain                  Necr           100%       1d9       1%          1
g - Static Discharge      Conj/Air       29%        N/A       1%          2
h - Mephitic Cloud        Conj/Pois/Air  29%        N/A       2%          3
Your spell library was empty.

Dungeon Overview and Level Annotations

Branches:
Dungeon (5/15)
 Temple: D:4-7

Altars:
Ashenzari
Elyvilon
Okawaru
Sif Muna
Trog
Wu Jian

Shops:
D:4 ([=(

Annotations:
D:5 Edmund


Innate Abilities, Weirdness & Mutations

You are immune to sickness and miasma.
You are immune to poison.
Your flesh is very heat resistant. (rF++)
You are vulnerable to cold. (rC-)
You float through the air rather than walking.
You learn spells naturally, not from books.
Your magical power is your life essence.
You have superior vitality. (+4 HP)


Message History

The adder misses you. The adder barely misses you.
Edmund moves out of view.
You barely miss the adder.
The adder is almost dead.
The adder barely misses you. The adder bites you but does no damage.
You catch the helpless adder completely off-guard!
You hit the adder.
You kill the adder!
Edmund hits you with a +4 dire flail of protection!
You hit Edmund but do no damage.
Edmund hits you with a +4 dire flail of protection!
You are too injured to fight recklessly!
Unknown command.
Casting: Mephitic Cloud (dangerous; 2% risk of failure)
Confirm with . or Enter, or press ? or * to list all spells.
Aiming: Mephitic Cloud (dangerous; 2% risk of failure)
Press: ? - help, Shift-Dir - straight line, f - Edmund
Aim: Edmund, wielding a +4 dire flail of protection and wearing a +2 chain mail of fire resistance (chance to affect: 81%)
The ball explodes into a vile cloud!
The stinking cloud engulfs Edmund but does no damage.
The stinking cloud engulfs you but does no damage.
Edmund is engulfed in noxious fumes.
Edmund hits you with a +4 dire flail of protection!
* * * LOW HITPOINT WARNING * * *
Unknown command.
Unknown command.
Edmund is engulfed in noxious fumes.
You see here an adder corpse.
Casting: Mephitic Cloud (dangerous; 2% risk of failure)
Confirm with . or Enter, or press ? or * to list all spells.
Aiming: Mephitic Cloud (dangerous; 2% risk of failure)
Press: ? - help, Shift-Dir - straight line, f/p - Edmund
Aim: Edmund, wielding a +4 dire flail of protection and wearing a +2 chain mail of fire resistance (lightly wounded, chance to affect: 81%)
The ball explodes into a vile cloud!
The stinking cloud engulfs Edmund but does no damage.
Edmund is lightly wounded.
The stinking cloud engulfs you but does no damage.
* * * LOW HITPOINT WARNING * * *
Edmund is engulfed in noxious fumes.
Edmund appears confused.
Edmund hits you with a +4 dire flail of protection!!
You die...

## ####### ...
#.....####### ....
#@##.........
..... #@##..######
.?....##☼##..)..#
.....††○.##...#.##
...|.>#####.#.<..#
..... #)###..#
.... ####......#.#
### ..>###...#.##
#.#≈.≈≈≈≈.≈#


You could see Edmund (confused).

Vanquished Creatures
  Sigmund (D:3)
  A sky beast (D:5)
  A centaur (D:5)
  2 jellies
  Crazy Yiuf (D:3)
  2 orc priests
  2 hounds (D:5)
  An iguana (D:4)
  Jessica (D:3)
  A hound skeleton (D:4)
  Robin (D:2)
  7 adders
  A worm (D:2)
  5 dart slugs
  14 orcs
  A bat (D:2)
  2 endoplasms (D:1)
  2 giant cockroaches
  10 goblins
  5 hobgoblins
  4 jackals (D:5)
  2 quokkas (D:1)
  7 ball pythons
  6 frilled lizards
  8 kobolds
  A rat (D:3)
89 creatures vanquished.

Vanquished Creatures (others)
  A dart slug (D:5)
  464 foxfires
465 creatures vanquished.

Grand Total: 554 creatures vanquished

Notes
Turn   | Place    | Note
-------+----------+-------------------------------------------
     0 | D:1      | gruber the Djinni Fire Elementalist began the quest for the
                  | Orb.
     0 | D:1      | Reached XP level 1. HP: 15/15 MP: 0/0
   677 | D:1      | Reached XP level 2. HP: 16/21 MP: 0/0
  1410 | D:2      | Reached skill level 3 in Spellcasting
  1418 | D:2      | Noticed Robin
  1424 | D:2      | Killed Robin
  1425 | D:2      | Reached XP level 3. HP: 9/25 MP: 0/0
  1425 | D:2      | Learned a level 1 spell: Pain
  1988 | D:2      | Reached XP level 4. HP: 29/31 MP: 0/0
  3092 | D:3      | Found a faded altar of an unknown god.
  3121 | D:3      | Reached skill level 4 in Spellcasting
  3166 | D:3      | Reached XP level 5. HP: 13/35 MP: 0/0
  3166 | D:3      | Learned a level 2 spell: Static Discharge
  3578 | D:3      | Found a broken altar of Ashenzari.
  3583 | D:3      | Found a bloodstained altar of Trog.
  3583 | D:3      | Found an iron altar of Okawaru.
  3597 | D:3      | Found a white marble altar of Elyvilon.
  3653 | D:3      | Noticed Sigmund
  3660 | D:3      | Killed Sigmund
  3661 | D:3      | Reached skill level 5 in Spellcasting
  3661 | D:3      | Reached XP level 6. HP: 29/40 MP: 0/0
  3829 | D:3      | Noticed Jessica
  3832 | D:3      | Killed Jessica
  3943 | D:3      | Found a runed translucent door.
  3944 | D:3      | Noticed Crazy Yiuf
  4224 | D:3      | Killed Crazy Yiuf
  4359 | D:4      | Found Uweffaqu's Jewellery Shop.
  4364 | D:4      | Reached XP level 7. HP: 41/45 MP: 0/0
  4364 | D:4      | Learned a level 3 spell: Mephitic Cloud
  4647 | D:4      | Found Jyzashab's Antique Armour Shoppe.
  4652 | D:4      | Found Soinod's Weapon Shop.
  4808 | D:4      | Found Wucaat's Weapon Shoppe.
  4907 | D:4      | Reached skill level 6 in Spellcasting
  5533 | D:5      | Entered Level 5 of the Dungeon
  5538 | D:5      | Found an ornate altar of the Wu Jian Council.
  5588 | D:5      | Reached skill level 1 in Fighting
  5795 | D:5      | Reached XP level 8. HP: 46/57 MP: 0/0
  5801 | D:5      | Noticed Edmund
  5808 | D:5      | Mangled by Edmund

Illustrated notes

Levels and vault maps discovered:
D:1:      giann_forest_graveyard, layout_loops_ring,
          wander_ebering_terrifying_dragon_lair
D:2:      layout_basic, uniq_robin
D:3:      layout_rooms, minmay_overflow_temple_star_hex,
          ebering_ecumenical_altar_webs, kennysheep_generic_room_3,
          uniq_crazy_yiuf_cottage, uniq_sigmund, uniq_jessica
D:4:      layout_gridville, serial_shops, shop, nicolae_shop_statue_plus, shop,
          nicolae_shop_waterfront
D:5:      layout_basic, kennysheep_mini, portal_sewer_entry_f,
          hangedman_abyss_or_decor_lesser_grid, minmay_misc_feat_rows,
          chequers_serial_rivers_marsh, uniq_edmund

Skill      XL: |  1  2  3  4  5  6  7 |
---------------+----------------------+-----
Spellcasting   | 3 4 5 6 |  6.1
Fighting       | 3 |  3.8
Dodging        | |  2.1
Stealth        | |  1.5

Action                   |  1- 3 |  4- 6 |  7- 9 || total
-------------------------+-------+-------+-------++-------
Melee: Unarmed           |     1 |       |       ||     1
       Mace              |       |     1 |    11 ||    12
 Cast: Foxfire           |    78 |   124 |    95 ||   297
       Sticky Flame      |       |     1 |     1 ||     2
       Mephitic Cloud    |       |       |     4 ||     4
 Stab: Confused          |       |       |     4 ||     4
Armor: Robe              |       |       |     2 ||     2
Dodge: Dodged            |     3 |     4 |    11 ||    18

Table legend: (Time is in decaauts)
 A = Elapsed time spent in this place.
 B = Non-inter-level travel time spent in this place.
 C = Inter-level travel time spent in this place.
 D = Time resting spent in this place.
 E = Time spent auto-exploring this place.
 F = Levels seen in this place.
 G = Mean time per level.
                   A        B        C        D        E       F      G
               +--------+--------+--------+--------+--------+-----+--------+
         Total |   5810 |   5580 |    230 |      0 |   5037 |   5 | 1162.0 |
       Dungeon |   5810 |   5580 |    230 |      0 |   5037 |   5 | 1162.0 |
               +--------+--------+--------+--------+--------+-----+--------+

Top non-repeatable levels by time:
     D:2: 1587 daAuts
     D:1: 1407 daAuts
     D:3: 1287 daAuts
     D:4: 1249 daAuts
     D:5: 279 daAuts
